 Dungeon Crawl Stone Soup version 0.32-a0-868-g153ae1a8d6 (webtiles) character file.

Game seed: 6068671507184455648

3039 Shayle the Apothecary (level 9, -3/56 (64) HPs)
             Began as a Coglin Alchemist on Mar 28, 2024.
             Was a Priest of Beogh.
             Slain by Jorge the orc apostle
             ... wielding a +2 battleaxe of draining
              (6 damage)
             ... on level 8 of the Dungeon.
             The game lasted 00:29:53 (8933 turns).

Shayle the Apothecary (Coglin Alchemist)            Turns: 8933, Time: 00:30:03

HP:   -3/56 (64)    AC:  2    Str:  8    XL:     9   Next: 86%
MP:   17/18         EV:  9    Int: 18    God:    Beogh [***...]
Gold: 105           SH:  0    Dex: 16    Spells: 8/20 levels left

rFire   . . .        d - +1 short sword (venom) {Appius}
rCold   . . .        m - +1 spear (vamp) {Haeun}
rNeg    . . .        H - quicksilver dragon scales
rPois   .            (no helmet)
rElec   .            (no cloak)
rCorr   .            r - +0 pair of gloves
SInv    .            (no boots)
Will    +....        (amulet unavailable) Stlth
                     (ring unavailable)
HPRegen 0.29/turn    (ring unavailable)
MPRegen 0.16/turn    (no gizmo)

%: no passive effects
@: confused, ambrosia-drunk, corroded, heavily drained, revved
A: off-hand wielding, slow wielding, warmup strikes, no jewellery
a: Invent Gizmo, Renounce Religion, Smiting


You were on level 8 of the Dungeon.
You worshipped Beogh.
Beogh was most pleased with you.
You visited 2 branches of the dungeon, and saw 9 of its levels.
You also visited: Sewer.

You collected 353 gold pieces.
You spent 248 gold pieces at shops.

Inventory:

Hand Weapons
 d - a +1 short sword of venom (weapon) {Appius}
 h - a +0 dagger
 l - a +0 sling
 m - a +1 vampiric spear (offhand) {Haeun}
 o - the +2 spear of the Girdle {heavy, rPois rN+ Int-5 Dex+3}
   (You found it on level 2 of the Dungeon)

   Int-5:     It affects your intelligence (-5).
   Dex+3:     It affects your dexterity (+3).
   rPois:     It protects you from poison.
   rN+:       It protects you from negative energy.
 B - a +0 short sword of flaming
Missiles
 I - a curare-tipped dart
 J - a throwing net
Armour
 a - a +1 robe
 r - a +0 pair of gloves (worn)
 y - a +2 robe of willpower
 H - quicksilver dragon scales (worn)
Talismans
 w - a talisman of death
Wands
 t - a wand of charming (8)
 E - a wand of flame (16)
Scrolls
 e - a scroll of amnesia
 f - a scroll of enchant armour
 i - a scroll of noise
 s - 4 scrolls of teleportation
 z - 2 scrolls of fog
 C - a scroll of revelation
 F - a scroll of enchant weapon {unknown}
 G - a scroll of immolation
Potions
 b - 2 potions of magic
 c - 6 potions of haste
 g - 2 potions of lignification {unknown}
 j - 6 potions of curing
 k - 4 potions of brilliance
 n - a potion of attraction {unknown}
 p - a potion of resistance {unknown}
 q - 2 potions of berserk rage {unknown}
 u - 2 potions of ambrosia
 v - a potion of cancellation {unknown}
 x - 2 potions of enlightenment {unknown}
 A - 5 potions of mutation
 D - 5 potions of might {unknown}


   Skills:
 + Level 3.4 Fighting
 - Level 1.7 Dodging
 - Level 1.5 Stealth
 - Level 6.0 Spellcasting
 - Level 4.8 Conjurations
 - Level 6.2 Fire Magic
 - Level 6.6 Alchemy
 + Level 2.8 Invocations


You had 8 spell levels left.
You knew the following spells:

 Your Spells              Type           Power      Damage    Failure   Level
a - Sting                 Conj/Alch      100%       1d9       3%          1
b - Mephitic Cloud        Conj/Alch/Air  19%        N/A       22%         3
c - Sticky Flame          Fire/Alch      28%        2d7       26%         4
d - Olgreb's Toxic Radia  Alch           29%        N/A       24%         4

Your spell library contained the following spells:

 Spells                   Type           Power      Damage    Failure   Level
 Mercury Vapours          Alch/Air       34%        N/A       14%         2
 Call Imp                 Summ           10%        N/A       50%         2
 Lesser Beckoning         Tloc           10%        N/A       50%         2
 Sublimation of Blood     Necr           5%         N/A       50%         2
 Teleport Other           Tloc           5%         N/A       73%         3
 Tukima's Dance           Hex            5%         N/A       73%         3
 Yara's Violent Unravell  Hex/Alch       8%         3d5       95%         5
 Maxwell's Portable Pile  Tloc           5%         2d(6-11)  98%         4
 Passage of Golubria      Tloc           5%         N/A       98%         4
 Summon Hydra             Summ           2%         N/A       100%        7


Dungeon Overview and Level Annotations

Branches:
Dungeon (8/15)             Temple (1/1) D:6           Sewer (visited)
   Lair: D:8-11

Altars:
Ashenzari
Cheibriados
Elyvilon
Fedhas
Gozag
Kikubaaqudgha
Makhleb
Nemelex Xobeh
Okawaru
Qazlal
Ru
Sif Muna
Trog
Uskayaw
Vehumet
Wu Jian
Xom
Yredelemnul
Zin
The Shining One

Shops:
D:2 (   D:3 *   D:6 **   D:8 (

Annotations:
D:4 3 runed translucent doors, Jaxible's ghost, amateur MDFi


Innate Abilities, Weirdness & Mutations

Your facial features look somewhat orcish.
You can wield a second weapon in your off-hand.
It takes a long time for you to wield or remove held weapons.
Your first few attacks do less damage.
You cannot equip rings or amulets.


Message History

You feel drained.
Unknown command.
Casting: Mephitic Cloud (dangerous; 22% risk of failure)
Confirm with . or Enter, or press ? or * to list all spells.
Aiming: Mephitic Cloud (dangerous; 22% risk of failure)
Press: ? - help, Shift-Dir - straight line, f/p - Jorge
Aim: Jorge the orc apostle, wielding a +2 battleaxe of draining and wearing a +2 chain mail (lightly wounded, confused, extremely poisoned, empowered by the touch of Beogh, chance to affect: 81%)
The ball explodes into a vile cloud!
The stinking cloud engulfs Jorge.
Jorge is lightly wounded.
The stinking cloud engulfs you.
You are engulfed in noxious fumes.
Jorge is engulfed in noxious fumes.
Jorge appears confused.
Jorge hits herself with a +2 battleaxe of draining.
Jorge drains herself.
Unknown command.
Jorge is engulfed in noxious fumes.
Jorge appears confused.
Unknown command.
You hit Jorge but do no damage.
Jorge looks as sick as possible!
Jorge is lightly wounded.
You hit Jorge but do no damage.
Jorge is engulfed in noxious fumes.
Jorge appears confused.
You hit Jorge but do no damage.
Jorge is moderately wounded.
You hit Jorge but do no damage.
Jorge looks as sick as possible!
Jorge is engulfed in noxious fumes.
Jorge appears confused.
Jorge hits you with a +2 battleaxe of draining!
* * * LOW HITPOINT WARNING * * *
You feel drained.
* * * LOW HITPOINT WARNING * * *
Okay, then.
Jorge is engulfed in noxious fumes.
Jorge appears confused.
Okay, then.
Okay, then.
It was a potion of ambrosia.
You are confused.
You feel invigorated.
Jorge is engulfed in noxious fumes.
Jorge hits you with a +2 battleaxe of draining!
* * * LOW HITPOINT WARNING * * *
You feel drained.
You die...
Beogh appreciates Jorge's killing of a heretic priest.

#. ...........<.......
#.########..................
.
...........................
..
#..........☼#........####.
...#.....................
...........)##○##...⌠...⌠.
..........))#.○.#....of....
..........).#.o.#.#...<.....
....####....#.@.# ...
#....#..(# #....#...#
#....#(.(# +....#####
#.....# #.#...# ##.#...####
... #.........#


You could see Jorge the orc apostle (confused, extremely poisoned, drained,
divinely empowered).

Vanquished Creatures
  3 yaks (D:5)
  A steam dragon (D:6)
  3 water moccasins
  3 orc warriors
  An ice beast (D:6)
  2 black bears
  A sky beast (D:6)
  4 kobold brigands
  3 bullfrogs
  A scorpion (D:6)
  2 hounds (D:5)
  5 jellies
  3 bombardier beetles (D:5)
  5 orc priests
  5 iguanas
  A sleepcap (D:8)
  8 orc wizards
  A river rat (D:4)
  9 adders
  2 shadow imps
  A dart slug (D:1)
  2 ribbon worms
  11 orcs
  11 ball pythons
  6 bats
  7 endoplasms
  2 giant cockroaches
  6 goblins
  11 hobgoblins
  3 jackals (D:4)
  6 quokkas
  3 training dummies (D:8)
  10 frilled lizards
  23 kobolds
  6 rats
171 creatures vanquished.

Vanquished Creatures (collateral kills)
  An adder (D:5)
  2 orcs (D:7)
3 creatures vanquished.

Grand Total: 174 creatures vanquished

Notes
Turn   | Place    | Note
-------+----------+-------------------------------------------
     0 | D:1      | Shayle the Coglin Alchemist began the quest for the Orb.
     0 | D:1      | Reached XP level 1. HP: 13/13 MP: 3/3
    49 | D:1      | Reached skill level 1 in Conjurations
   218 | D:1      | Found a faded altar of an unknown god.
   305 | D:1      | Reached XP level 2. HP: 14/19 MP: 4/4
  1368 | D:2      | Reached XP level 3. HP: 24/24 MP: 5/5
  1372 | D:2      | Learned a level 3 spell: Mephitic Cloud
  1462 | D:2      | Found Gukezunug's Antique Weapon Shop.
  1714 | D:2      | Reached XP level 4. HP: 28/30 MP: 6/6
  1784 | D:2      | Identified the +2 spear of the Girdle {heavy, rPois rN+
                  | Int-5 Dex+3}
  2277 | D:3      | Found Zamuphadd's General Store.
  2292 | D:3      | Found an ancient bone altar of Kikubaaqudgha.
  2417 | D:3      | Bought a potion of curing for 30 gold pieces
  2417 | D:3      | Bought a scroll of identify for 20 gold pieces
  2419 | D:3      | Found a shimmering altar of Xom.
  2450 | D:3      | Found a white marble altar of Elyvilon.
  2487 | D:3      | Became a worshipper of Beogh the Shepherd
  2646 | D:3      | Reached XP level 5. HP: 30/35 MP: 7/7
  2648 | D:3      | Reached skill level 5 in Alchemy
  3626 | D:4      | Reached XP level 6. HP: 29/41 MP: 4/8
  3947 | D:4      | Found a glowing drain.
  3952 | Sewer    | Entered a sewer
  3989 | Sewer    | Reached * piety under Beogh
  4137 | Sewer    | Reached XP level 7. HP: 25/46 MP: 1/9
  4609 | D:4      | Found a runed translucent gate.
  4609 | D:4      | Found a runed translucent gate.
  4624 | D:4      | Found a runed translucent gate.
  4627 | D:4      | Noticed Jaxible's ghost (amateur MDFi)
  4868 | D:5      | Entered Level 5 of the Dungeon
  4869 | D:5      | Noticed a yak
  4869 | D:5      | Noticed a yak
  4872 | D:5      | Noticed a yak
  4882 | D:5      | Killed a yak
  4883 | D:5      | Reached skill level 1 in Fire Magic
  4888 | D:5      | Killed a yak
  5008 | D:5      | Killed a yak
  5009 | D:5      | Reached XP level 8. HP: 52/52 MP: 8/13
  5224 | D:5      | Learned a level 4 spell: Sticky Flame
  5310 | D:5      | Found a blossoming altar of Fedhas.
  5665 | D:5      | Found a bloodstained altar of Trog.
  6309 | D:5      | Reached ** piety under Beogh
  6517 | D:6      | Reached skill level 5 in Spellcasting
  6527 | D:6      | Reached skill level 5 in Fire Magic
  6533 | D:6      | Reached XP level 9. HP: 57/57 MP: 1/16
  6538 | D:6      | Learned a level 4 spell: Olgreb's Toxic Radiance
  6770 | D:6      | Found Qagiyxopp's Specific Store.
  6772 | D:6      | Found Ciosarghe's General Store.
  6893 | D:6      | Bought a scroll of teleportation for 42 gold pieces
  6893 | D:6      | Bought a wand of flame (16) for 156 gold pieces
  6897 | D:6      | Found a staircase to the Ecumenical Temple.
  6908 | Temple   | Entered the Ecumenical Temple
  7354 | D:6      | Found a shimmering blue altar of Sif Muna.
  7736 | D:7      | Reached skill level 1 in Fighting
  7891 | D:7      | Reached skill level 1 in Invocations
  8292 | D:7      | Found an opulent altar of Gozag.
  8292 | D:7      | Found a basalt altar of Yredelemnul.
  8298 | D:7      | Found a glowing golden altar of the Shining One.
  8300 | D:7      | Found a stormy altar of Qazlal.
  8301 | D:7      | Found a faded altar of an unknown god.
  8644 | D:8      | Found Cimeghyd's Firing Range.
  8897 | D:8      | Reached *** piety under Beogh
  8933 | D:8      | Slain by Jorge the orc apostle

Illustrated notes

Levels and vault maps discovered:
D:1:      sevenhm_arrival_forest_fort_large_4, layout_basic,
          dreamdust_ecumenical_altar_hidden_monk_grotto,
          hangedman_decor_peaks_small
D:2:      layout_rooms, serial_shops, nicolae_shop_dealshenge,
          minmay_tetromino_l4
D:3:      minmay_general_purpose_star, layout_basic,
          nicolae_overflow_hidden_temple, kiku_gazebo_pond_becter,
          mainiacjoe_overflow_small_starburst, serial_shops,
          nicolae_shop_tiny_statue_garden, wad_floor_pattern_1, feat_on_display
D:4:      layout_loops_cross, gammafunk_ghost_necromancy,
          mainiacjoe_sewer_entry_somewhere_in_here_1
D:5:      minmay_spotlight, layout_basic, lemuel_crystal_altar,
          trog_three_pillars_becter, chequers_hall_statues_wall_a
D:6:      layout_cave_pools, tgw_sif, minmay_temple_entry_wispy,
          kennysheep_decorative_pillar, nicolae_specific_store,
          minmay_liquid_box
D:7:      layout_loops_cross, chequers_temple_overflow_minitemple
D:8:      layout_basic, serial_shops, shop_fountains, serial_glass,
          glass_columns_a, glass_columns_a, grunt_ministairs_1,
          nicolae_shop_firing_range
Temple:   hellmonk_temple_micro_hex

Skill      XL: |  1  2  3  4  5  6  7  8  9 |
---------------+----------------------------+-----
Conjurations   | 1 2 3 4 |  4.8
Alchemy        | 4 5 6 |  6.6
Spellcasting   | 3 5 6 |  6.0
Fire Magic     | 3 5 6 |  6.2
Fighting       | 3 |  3.4
Invocations    | 2 |  2.8
Dodging        | |  1.7
Stealth        | |  1.5

Action                     |  1- 3 |  4- 6 |  7- 9 || total
---------------------------+-------+-------+-------++-------
  Melee: Short sword       |    93 |   155 |   169 ||   417
         Unarmed           |     1 |       |       ||     1
         Spear             |     6 |   156 |   188 ||   350
   Cast: Sting             |     4 |     5 |    25 ||    34
         Mephitic Cloud    |       |     3 |    21 ||    24
         Sticky Flame      |       |       |    17 ||    17
 Invoke: Convert to Beogh  |       |     1 |       ||     1
  Evoke: Wand              |       |       |     4 ||     4
    Use: Scroll            |       |     3 |     9 ||    12
         Potion            |       |     1 |     2 ||     3
   Stab: Sleeping          |     4 |     3 |     1 ||     8
         Confused          |       |     2 |    15 ||    17
 Armour: Robe              |    54 |    93 |    51 ||   198
         Quicksilver drago |       |       |    96 ||    96
  Dodge: Dodged            |    60 |   110 |    92 ||   262

Table legend: (Time is in decaauts)
 A = Elapsed time spent in this place.
 B = Non-inter-level travel time spent in this place.
 C = Inter-level travel time spent in this place.
 D = Time resting spent in this place.
 E = Time spent auto-exploring this place.
 F = Levels seen in this place.
 G = Mean time per level.
                   A        B        C        D        E       F      G
               +--------+--------+--------+--------+--------+-----+--------+
         Total |   8984 |   8670 |    314 |   1352 |   4986 |  10 |  898.4 |
       Dungeon |   8539 |   8225 |    314 |   1209 |   4898 |   8 | 1067.4 |
        Temple |      1 |      1 |      0 |      0 |      0 |   1 |    1.0 |
         Sewer |    444 |    444 |      0 |    143 |     88 |   1 |  444.0 |
               +--------+--------+--------+--------+--------+-----+--------+

Top non-repeatable levels by time:
     D:3: 1563 daAuts
     D:5: 1515 daAuts
     D:1: 1359 daAuts
     D:7: 1123 daAuts
     D:6: 1065 daAuts
     D:4: 1011 daAuts
     D:2: 638 daAuts
   Sewer: 444 daAuts
     D:8: 261 daAuts
  Temple: 1 daAuts
